 Dungeon Crawl Stone Soup version 0.21.1-1-g345015f (webtiles) character file.

71 zishaf the Bolt Thrower (level 4, 0/25 HPs)
             Began as a Kobold Arcane Marksman on May 16, 2018.
             Slain by a goblin
             ... wielding a +0 club
             ... led by Robin
              (3 damage)
             ... on level 2 of the Dungeon.
             The game lasted 00:05:21 (2090 turns).

zishaf the Bolt Thrower (Kobold Arcane Marksman)    Turns: 2090, Time: 00:05:21

Health: 0/25       AC:  6    Str:  7    XL:     4   Next: 47%
Magic:  7/8        EV: 14    Int: 14    God:
Gold:   134        SH:  0    Dex: 16    Spells: 7/8 levels left

rFire    . . .     SeeInvis +   b - +0 dagger
rCold    . . .     Gourm    .   (shield restricted)
rNeg     . . .     Faith    .   q - +3 leather armour
rPois    .         Spirit   .   (no helmet)
rElec    .         Reflect  .   (no cloak)
rCorr    .         Harm     .   (no gloves)
MR       .....                  (no boots)
Stlth    +.........             (no amulet)
HPRegen  0.08/turn              m - ring of see invisible
MPRegen  0.11/turn              (no ring)

@: no status effects
A: small, carnivore
a: no special abilities


You were on level 2 of the Dungeon.
You were completely stuffed.

You visited 1 branch of the dungeon, and saw 2 of its levels.

You collected 134 gold pieces.

Inventory:

Hand Weapons
 a - a +0 hand crossbow
 b - a +0 dagger (weapon)
Missiles
 d - a bolt
Armour
 q - a +3 leather armour (worn)
Jewellery
 m - a ring of see invisible (left hand)
 p - an uncursed ring of ice
Scrolls
 e - a scroll of identify {unknown}
 g - 4 scrolls of remove curse {unknown}
 h - a scroll of enchant weapon {unknown}
 k - a scroll of random uselessness {unknown}
Potions
 l - a potion of heal wounds
Books
 c - a book of Debilitation

   Spells                             Type                      Level
   a - Corona                         Hexes                        1
   b - Slow                           Hexes                        2
   c - Inner Flame                    Hexes/Fire                   3
   d - Portal Projectile              Hexes/Translocation          3
   e - Cause Fear                     Hexes                        4
   f - Leda's Liquefaction            Hexes/Earth                  4
Comestibles
 f - 6 rations
 i - a chunk of flesh


   Skills:
 - Level 1.1 Fighting
 + Level 1.7 Short Blades
 + Level 3.8 Crossbows
 - Level 2.4 Dodging
 + Level 2.6 Spellcasting
 - Level 3.0 Hexes


You had 7 spell levels left.
You knew the following spells:

 Your Spells              Type           Power        Failure   Level  Hunger
a - Corona                Hex            ##.....      10%         1    #......


Dungeon Overview and Level Annotations

Branches:
Dungeon (2/15)

Altars:
Dithmenos

Annotations:
D:2 Natasha


Innate Abilities, Weirdness & Mutations

You are small and have problems with some larger weapons.
You are carnivorous and can eat meat at any time.


Message History

The hobgoblin completely misses you.
You hit the hobgoblin but do no damage.
The hobgoblin is lightly wounded.
The hobgoblin closely misses you.
You hit the hobgoblin but do no damage.
The hobgoblin is lightly wounded.
The hobgoblin hits you but does no damage.
You hit the hobgoblin but do no damage.
The hobgoblin is lightly wounded.
You hit the hobgoblin.
The hobgoblin is almost dead.
The hobgoblin misses you.
You hit the hobgoblin.
You kill the hobgoblin!
You closely miss the goblin. The goblin hits you with a club.
* * * LOW HITPOINT WARNING * * *
You hit the goblin.
The goblin is severely wounded.
The goblin hits you with a club.
You die...

#.# #.# #.#
#.# #.# #.#
#.# #.# #.#
#.# #.###.#
#.#...#
#######.#[###
#...g@..#.#
#)#######.#
#.# #.# #g#
#.# #l# #.#
#g# #.# ..#
#.# ### #.#
#.#


You could see a goblin.

Vanquished Creatures
  Robin (D:2)
  An adder (D:2)
  3 dart slugs (D:1)
  A leopard gecko (D:1)
  A ball python (D:1)
  2 bats
  4 giant cockroaches
  11 goblins
  5 hobgoblins
  3 jackals (D:2)
  2 frilled lizards
  2 kobolds
  3 rats
39 creatures vanquished.

Notes
Turn   | Place    | Note
-------+----------+-------------------------------------------
     0 | D:1      | zishaf the Kobold Arcane Marksman began the quest for the Orb.
     0 | D:1      | Reached XP level 1. HP: 12/12 MP: 2/2
    78 | D:1      | Reached XP level 2. HP: 16/16 MP: 2/4
   457 | D:1      | Reached XP level 3. HP: 20/20 MP: 4/6
   831 | D:2      | Found a shadowy altar of Dithmenos.
   909 | D:2      | Reached skill level 1 in Short Blades
  1145 | D:2      | Noticed Natasha
  1155 | D:2      | Reached XP level 4. HP: 25/25 MP: 7/7
  1631 | D:2      | Noticed Robin
  1664 | D:2      | Killed Robin
  2090 | D:2      | Slain by a goblin

Skill      XL: |  1  2  3 |
---------------+----------+-----
Crossbows      | 3 |  3.8
Spellcasting   | 2 |  2.6
Short Blades   | 1 |  1.7
Fighting       | |  1.1
Dodging        | |  2.4
Hexes          | |  3.0

Action                   |  1- 3 |  4- 6 || total
-------------------------+-------+-------++-------
Melee: Dagger            |       |    87 ||    87
 Fire: Hand crossbow     |    85 |     4 ||    89
  Use: Potion            |       |     4 ||     4
  Eat: Chunk             |     9 |     3 ||    12
Armor: Robe              |     3 |       ||     3
       Leather armour    |     1 |    18 ||    19
Dodge: Dodged            |    26 |    54 ||    80
